AoeStats
← Tonir

MegaRandom

509687620Analyzed
3v3 RM · 6d ago on Sep 27, 2026· 41m 34s· 6 players
Game mode
Random Map
Map size
Normal (6 player)
Population
200
Speed
Normal
Resources
Standard
Victory
Conquest
Starting age
Dark Age
Ending age
Imperial Age
RankedLock teamsTeams togetherTeam positionsShared explorationLock speedFull tech treeHidden civsTurbo modeCheats
Victory
Defeat
🇧🇴 Bengalis · Bolivia
926
+13
🇨🇱 Persians · Chile
885
+15
🇪🇸 Varangians · Spain
863
+16
🇪🇸 Byzantines · Spain
919
-17
🇪🇸 Franks · Spain
850
-35
🇪🇸 Ethiopians · Spain
813
-13
DeMoTiX
10:54 Feudal Age
16:36 Horse Collar
16:44 Double-Bit Axe
19:17 Castle Age
19:25 Stone Mining
20:40 Pikeman
21:26 Double-Bit Axe
23:50 Wheelbarrow
23:01 Loom
25:02 Gold Mining
25:39 Fletching
27:03 Hand Cart
29:30 Arson
30:44 Bow Saw
35:02 Imperial Age
33:24 Elite Skirmisher
34:49 Gold Shaft Mining
35:46 Elite Ratha (Ranged)
37:27 Town Watch
38:44 Siege Elephant
39:38 Onager
McBasil
8:01 Loom
11:21 Feudal Age
12:42 Double-Bit Axe
12:41 Horse Collar
15:45 Bloodlines
15:47 Scale Barding Armor
15:53 Forging
22:34 Castle Age
24:02 Heavy Plow
24:24 Chain Barding Armor
24:39 Iron Casting
25:17 Husbandry
27:58 Wheelbarrow
27:08 Town Watch
27:43 Town Watch
28:19 Bow Saw
28:05 Fletching
29:13 Gold Mining
32:05 Hand Cart
33:35 Town Patrol
35:58 Caravan
39:49 Imperial Age
37:40 Bodkin Arrow
41:35 Plate Barding Armor
42:00 Blast Furnace
40:25 Cavalier
Valley of happiness
2:44 Loom
10:51 Feudal Age
13:14 Wheelbarrow
17:24 Castle Age
16:10 Horse Collar
17:28 Double-Bit Axe
18:33 Stone Mining
18:36 Gold Mining
19:37 Bow Saw
22:43 Heavy Plow
27:11 Scale Barding Armor
27:19 Forging
27:28 Town Watch
31:13 Hand Cart
32:08 Iron Casting
32:15 Gold Shaft Mining
33:17 Chain Barding Armor
35:26 Husbandry
35:37 Bloodlines
39:58 Imperial Age
39:30 Fletching
40:23 Stone Shaft Mining
41:15 Plate Barding Armor
41:42 Blast Furnace
Tonir
8:56 Loom
13:06 Feudal Age
15:19 Double-Bit Axe
15:16 Horse Collar
21:12 Castle Age
20:37 Padded Archer Armor
20:30 Fletching
22:40 Bow Saw
23:13 Crossbowman
26:40 Bodkin Arrow
26:46 Padded Archer Armor
27:48 Ballistics
28:47 Murder Holes
30:17 Heavy Plow
30:37 Leather Archer Armor
35:08 Scale Mail Armor
39:03 Chain Mail Armor
Macedonius
6:38 Loom
11:31 Feudal Age
17:12 Castle Age
16:16 Double-Bit Axe
18:53 Bow Saw
20:53 Pikeman
26:34 Horse Collar
27:57 Wheelbarrow
33:11 Imperial Age
30:58 Hand Cart
30:41 Gold Mining
32:04 Scale Barding Armor
32:21 Squires
33:09 Chain Barding Armor
34:12 Scale Mail Armor
35:07 Forging
35:33 Plate Barding Armor
hosxe
5:13 Loom
12:30 Feudal Age
14:02 Wheelbarrow
13:13 Town Watch
17:28 Gold Mining
23:43 Double-Bit Axe
25:46 Stone Mining
32:48 Castle Age
31:11 Man-at-Arms
31:37 Arson
36:11 Gold Shaft Mining
Connection lost

Rejoining the realm…

Still unreachable

The connection could not be restored.

Session expired

The server has moved on; the page needs a fresh start.